 Dungeon Crawl Stone Soup version 0.27.0-1-g7a089689b8 (webtiles) character file.

Game seed: 12759262818702193656

655 mokwee the Sneak (level 7, -19/43 HPs)
             Began as an Octopode Venom Mage on Aug 6, 2021.
             Was a Follower of Sif Muna.
             Demolished by a two-headed ogre (25 damage)
             ... on level 5 of the Dungeon.
             The game lasted 00:13:29 (3577 turns).

mokwee the Sneak (Octopode Venom Mage)              Turns: 3577, Time: 00:13:30

Health: -19/43     AC:  5    Str:  8    XL:     7   Next: 54%
Magic:  2/11       EV: 13    Int: 19    God:    Sif Muna [*.....]
Gold:   223        SH:  0    Dex: 12    Spells: 3/11 levels left

rFire    . . .     SeeInvis .   c - +0 short sword
rCold    . . .     Faith    .   (no shield)
rNeg     . . .     Spirit   .   (helmet restricted)
rPois    .         Reflect  .   f - amulet of regeneration
rElec    .         Harm     .   j - +4 ring of protection
rCorr    .         Rampage  .   (no ring)
Will     .....                  (no ring)
Stlth    ++........             (no ring)
HPRegen  1.14/turn              (no ring)
MPRegen  0.12/turn              (no ring)
                                (no ring)
                                (no ring)

@: confused
A: almost no armour, amphibious, 8 rings, camouflage 1, gelatinous body 1,
(nimble swimmer 1), tentacles
a: Renounce Religion, Channel Magic


You were on level 5 of the Dungeon.
You worshipped Sif Muna.
Sif Muna was aware of your devotion.
You visited 2 branches of the dungeon, and saw 6 of its levels.

You collected 259 gold pieces.
You spent 36 gold pieces at shops.

Inventory:

Hand Weapons
 c - a +0 short sword (weapon)
Jewellery
 f - an amulet of regeneration (around mantle)
 j - a +4 ring of protection (left tentacle)
 p - an amulet of magic regeneration
Wands
 k - a wand of flame (20)
Scrolls
 d - 5 scrolls of teleportation
 g - a scroll of vulnerability
 h - a scroll of blinking
 l - a scroll of magic mapping {unknown}
 m - a scroll of enchant weapon {unknown}
 n - a scroll of enchant armour {unknown}
 q - a scroll of fear {unknown}
Potions
 a - 2 potions of haste {unknown}
 b - 3 potions of attraction {unknown}
 e - a potion of curing {unknown}
 i - a potion of ambrosia {unknown}
 o - a potion of flight {unknown}


   Skills:
 + Level 1.3 Fighting
 + Level 2.7 Short Blades
 + Level 3.2 Dodging
 * Level 6.7 Stealth
 + Level 2.7 Spellcasting
 + Level 0.2 Conjurations
 + Level 2.3 Transmutations
 + Level 0.2 Air Magic
 + Level 5.8 Poison Magic


You had 3 spell levels left.
You knew the following spells:

 Your Spells              Type           Power      Damage    Failure   Level
a - Sting                 Tmut/Pois      72%        1d6       3%          1
b - Mephitic Cloud        Conj/Pois/Air  10%        N/A       21%         3
c - Olgreb's Toxic Radia  Pois           24%        N/A       14%         4

Your spell library contained the following spells:

 Spells                   Type           Power      Damage    Failure   Level
 Poisonous Vapours        Pois/Air       28%        N/A       7%          2
 Stone Arrow              Conj/Erth      4%         3d7       41%         3
 Bolt of Magma            Conj/Fire/Erth 1%         4d4       99%         5
 Shatter                  Erth           1%         3d5*      100%        9


Dungeon Overview and Level Annotations

Branches:
Dungeon (5/15)             Temple (1/1) D:4

Altars:
Ashenzari
Cheibriados
Dithmenos
Elyvilon
Kikubaaqudgha
Nemelex Xobeh
Okawaru
Ru
Sif Muna
Uskayaw
Wu Jian
Xom
The Shining One
Lugonu

Shops:
D:2 ?

Annotations:
D:5 2 transporters


Innate Abilities, Weirdness & Mutations

You cannot wear most types of armour.
You are amphibious.
You can wear up to eight rings at the same time.
Your skin changes colour to match your surroundings (Stealth+).
Your rubbery body absorbs attacks. (AC +1, EV +1)
((You are camouflaged near water. (Stealth+)))
You have tentacles for arms and can constrict up to eight enemies at once.


Message History

The orc is poisoned. x2
The adder hisses angrily.
The adder is poisoned.
The orc wizard looks even sicker.
The orc looks even sicker.
The orc wizard gestures wildly while chanting.
The orc wizard flickers and vanishes!
Deactivating autopickup; reactivate with Ctrl-A.
An orc wizard comes into view. It is wielding a +0 dagger.
Casting: Olgreb's Toxic Radiance (quite dangerous; 16% risk of failure)
Confirm with . or Enter, or press ? or * to list all spells.
The spell is quite dangerous to cast (16% risk of failure)!
Continue anyway?
Your toxic radiance grows in intensity.
The scorpion looks even sicker.
The two-headed ogre looks even sicker.
The orc looks even sicker.
The orc wizard is poisoned.
The scorpion looks even sicker.
The orc looks as sick as possible!
You kill the orc!
Sif Muna accepts your kill.
You kill the orc!
Sif Muna accepts your kill. The orc wizard casts a spell at you.
You are confused.
A scorpion comes into view.
You kill the scorpion!
Sif Muna accepts your kill.
The adder looks even sicker.
Your toxic aura wanes.
A magic dart appears from out of thin air!
The magic dart hits you.
The two-headed ogre hits you with a +0 giant club!
The two-headed ogre hits you with a +0 giant club!!
* * * LOW HITPOINT WARNING * * *
Sif Muna accepts your kill.
Reactivating autopickup.
You feel a bit more experienced.
You bump into the rock wall.
You kill the adder!
Sif Muna accepts your kill.
The two-headed ogre hits you with a +0 giant club!!
Ouch! That really hurt!
You die...

##...(....#....<.#
#...#.###.######.#
#..##.# #.# #.##
#..##.###.### #..#
#..##.......#####.##
#..##.#####.........
#..##.#####.#####...
#...........# ####
###..@######### #
#....O# # #.#...#
...#...### #.#
##....# #. #......#
# .)......#
.o.)......
#.)....†...


You could see a two-headed ogre (poisoned) and an orc wizard (poisoned).

Vanquished Creatures
  An ogre (D:4)
  2 scorpions
  A wyvern skeleton (D:5)
  A water moccasin skeleton (D:5)
  2 hounds
  Ijyb (D:3)
  A gnoll shaman (D:4)
  An iguana (D:4)
  An orc wizard (D:5)
  A hound skeleton (D:4)
  3 gnolls (D:4)
  6 adders
  An ufetubus (D:5)
  3 worms (D:2)
  3 dart slugs
  3 orcs
  3 endoplasms
  3 giant cockroaches
  13 goblins
  12 hobgoblins
  8 jackals
  7 kobolds
  6 quokkas
  4 ball pythons
  6 bats
  5 rats
98 creatures vanquished.

Vanquished Creatures (others)
  4 jackals (D:3)
  2 kobolds (D:3)
6 creatures vanquished.

Grand Total: 104 creatures vanquished

Notes
Turn   | Place    | Note
-------+----------+-------------------------------------------
     0 | D:1      | mokwee the Octopode Venom Mage began the quest for the Orb.
     0 | D:1      | Reached XP level 1. HP: 11/11 MP: 3/3
   312 | D:1      | Reached skill level 3 in Stealth
   576 | D:1      | Reached XP level 2. HP: 14/17 MP: 5/5
   702 | D:1      | Found a faded altar of an unknown god.
  1196 | D:2      | Reached XP level 3. HP: 21/21 MP: 1/6
  1200 | D:2      | Learned a level 3 spell: Mephitic Cloud
  1350 | D:2      | Found Kiraub's Magic Scroll Shoppe.
  1361 | D:2      | Bought a scroll of noise for 12 gold pieces
  1361 | D:2      | Bought a scroll of identify for 24 gold pieces
  1744 | D:2      | Reached XP level 4. HP: 27/27 MP: 0/7
  1899 | D:2      | Reached skill level 5 in Poison Magic
  1928 | D:3      | Found a shimmering altar of Xom.
  1939 | D:2      | Reached skill level 4 in Stealth
  2205 | D:3      | Found a shadowy altar of Dithmenos.
  2253 | D:3      | Found a sacrificial altar of Ru.
  2327 | D:3      | Reached skill level 1 in Short Blades
  2333 | D:3      | Found a sparkling altar of Nemelex Xobeh.
  2370 | D:3      | Found an ornate altar of the Wu Jian Council.
  2377 | D:3      | Noticed Ijyb
  2407 | D:3      | Killed Ijyb
  2408 | D:3      | Reached XP level 5. HP: 21/32 MP: 0/8
  2520 | D:3      | Learned a level 4 spell: Olgreb's Toxic Radiance
  2579 | D:4      | Found a staircase to the Ecumenical Temple.
  2585 | Temple   | Entered the Ecumenical Temple
  2623 | Temple   | Became a worshipper of Sif Muna the Loreminder
  2670 | D:4      | Reached skill level 5 in Stealth
  2748 | D:4      | Reached XP level 6. HP: 35/37 MP: 9/9
  2833 | D:4      | Found an ancient bone altar of Kikubaaqudgha.
  2925 | D:4      | Reached skill level 1 in Fighting
  3065 | D:4      | Reached skill level 6 in Stealth
  3210 | D:5      | Entered Level 5 of the Dungeon
  3230 | D:5      | Found a transporter.
  3231 | D:5      | Found a transporter.
  3341 | D:5      | Reached * piety under Sif Muna
  3342 | D:5      | Reached XP level 7. HP: 31/43 MP: 1/10
  3464 | D:5      | Found a broken altar of Ashenzari.
  3567 | D:5      | Noticed a two-headed ogre
  3577 | D:5      | Demolished by a two-headed ogre

Illustrated notes

Levels and vault maps discovered:
D:1:      onia_arrival_mini_maze_b, layout_loops_ring, basic_ecumenical_altar
D:2:      kennysheep_the_goblin_king, layout_basic, serial_shops,
          nicolae_diamond_shop
D:3:      layout_rooms, mainiacjoe_overflow_tiny_flanked,
          lemuel_coloured_pillars_altar, mainiacjoe_overflow_catwalk,
          grunt_dithmenos_smoke_and_mirrors, xom_confusion_cloud, serial_glass,
          glass_columns_a, glass_columns_a, chequers_serial_rivers_large_a,
          minmay_bisected, uniq_ijyb
D:4:      layout_gridville, kennysheep_mini, minmay_temple_entry_crystal_x
D:5:      gammafunk_steamed_eel, layout_rooms, general_overflow_altar,
          mainiacjoe_overflow_six_doors_small, marbit_many_paths,
          minmay_misc_feat_encased
Temple:   corrupted_temple

Skill      XL: |  1  2  3  4  5  6 |
---------------+-------------------+-----
Stealth        | 3 4 5 6 |  6.7
Poison Magic   | 4 5 |  5.8
Short Blades   | 1 2 |  2.7
Fighting       | 1 |  1.3
Dodging        | 3 |  3.2
Transmutations | 2 |  2.3
Spellcasting   | |  2.7
Conjurations   | |  0.2
Air Magic      | |  0.2

Action                   |  1- 3 |  4- 6 |  7- 9 || total
-------------------------+-------+-------+-------++-------
Melee: Unarmed           |     4 |       |       ||     4
       Constrict         |    12 |    23 |     3 ||    38
       Hand axe          |     3 |       |       ||     3
       Dagger            |     9 |       |       ||     9
       Tentacles         |     8 |    15 |     4 ||    27
       Short sword       |    31 |    98 |    19 ||   148
 Cast: Sting             |    34 |    25 |     4 ||    63
       Mephitic Cloud    |       |     3 |       ||     3
       Olgreb's Toxic Ra |       |     3 |     2 ||     5
  Use: Scroll            |     2 |     1 |       ||     3
 Stab: Sleeping          |    11 |     7 |     1 ||    19
Armor: Skin              |     6 |    13 |     3 ||    22
Dodge: Dodged            |    34 |    57 |    18 ||   109
